AoeStats
← LEPS

Arabia

509816781Analyzed
3v3 RM · 4d ago on Sep 28, 2026· 45m 19s· 6 players
Game mode
Random Map
Map size
Normal (6 player)
Population
200
Speed
Normal
Resources
Standard
Victory
Conquest
Starting age
Dark Age
Ending age
Imperial Age
RankedLock teamsTeams togetherTeam positionsShared explorationLock speedFull tech treeHidden civsTurbo modeCheats
Victory
Defeat
🇺🇸 Britons · United States
1661
+10
🇦🇺 Franks · Australia
1433
+19
🇦🇺 Saxons · Australia
1392
+22
🇵🇪 Vietnamese · Peru
1533
-18
🇵🇪 Britons · Peru
1509
-17
🇵🇪 Lithuanians · Peru
1488
-16
MCWest
6:21 Loom
9:30 Feudal Age
11:17 Double-Bit Axe
13:24 Fletching
17:55 Padded Archer Armor
20:26 Wheelbarrow
23:05 Castle Age
23:46 Bodkin Arrow
23:13 Crossbowman
24:29 Thumb Ring
24:09 Horse Collar
25:59 Leather Archer Armor
27:15 Ballistics
27:41 Bow Saw
27:45 Gold Mining
37:37 Imperial Age
38:42 Bracer
38:21 Arbalester
45:27 Chemistry
44:32 Siege Engineers
SneakySalmon
6:16 Loom
8:55 Feudal Age
13:07 Fletching
15:53 Double-Bit Axe
24:16 Castle Age
23:05 Gold Mining
24:07 Padded Archer Armor
24:21 Crossbowman
25:12 Bodkin Arrow
26:30 Ballistics
28:53 Bow Saw
32:19 Horse Collar
35:00 Wheelbarrow
39:17 Imperial Age
40:00 Bracer
41:01 Chemistry
40:00 Stone Mining
40:31 Hand Cart
41:24 Arbalester
44:23 Leather Archer Armor
44:22 Heavy Plow
45:00 Conscription
Blue
7:39 Loom
9:37 Feudal Age
10:18 Double-Bit Axe
16:00 Wheelbarrow
16:16 Scale Barding Armor
16:57 Forging
23:25 Castle Age
25:40 Husbandry
27:00 Bow Saw
27:59 Chain Barding Armor
30:37 Hand Cart
36:24 Imperial Age
37:46 Plate Barding Armor
37:02 Cavalier
38:19 Iron Casting
40:40 Gold Mining
40:44 Stone Mining
41:48 Conscription
41:39 Chivalry
43:37 Blast Furnace
44:20 Devotion
LEPS
9:30 Feudal Age
8:12 Loom
12:20 Fletching
25:56 Castle Age
24:57 Double-Bit Axe
25:13 Padded Archer Armor
24:55 Horse Collar
25:16 Gold Mining
25:58 Crossbowman
26:39 Bodkin Arrow
28:59 Crossbowman
38:36 Ballistics
ElTioWani
6:24 Loom
9:04 Feudal Age
9:41 Double-Bit Axe
9:54 Horse Collar
14:58 Scale Barding Armor
17:22 Bloodlines
21:10 Forging
26:05 Castle Age
24:24 Gold Mining
26:52 Husbandry
27:14 Chain Barding Armor
27:27 Bow Saw
28:34 Iron Casting
33:13 Heavy Plow
35:12 Wheelbarrow
43:18 Imperial Age
43:33 Cavalier
45:02 Plate Barding Armor
Solduri
6:30 Loom
9:44 Feudal Age
12:09 Double-Bit Axe
15:27 Fletching
15:52 Horse Collar
23:29 Castle Age
22:10 Padded Archer Armor
24:20 Bow Saw
24:59 Wheelbarrow
25:09 Bodkin Arrow
24:39 Crossbowman
27:58 Leather Archer Armor
29:28 Ballistics
31:08 Thumb Ring
31:33 Town Watch
37:49 Imperial Age
37:29 Gold Mining
37:31 Stone Mining
37:45 Heavy Plow
38:47 Bracer
41:27 Elite Rattan Archer
45:04 Elite Skirmisher
Connection lost

Rejoining the realm…

Still unreachable

The connection could not be restored.

Session expired

The server has moved on; the page needs a fresh start.